 Dungeon Crawl Stone Soup version 0.32-a0-995-gb4a59205af (webtiles) character file.

Game seed: 17080708687323233802

55 petete the Digger (level 3, -11/24 HPs)
             Began as a Vampire Earth Elementalist on Apr 22, 2024.
             Killed by divine providence
             ... invoked by an orc priest
              (16 damage)
             ... on level 3 of the Dungeon.
             The game lasted 00:05:50 (1838 turns).

petete the Digger (Vampire Earth Elementalist)      Turns: 1838, Time: 00:05:54

Health: -11/24     AC:  2    Str:  7    XL:     3   Next: 67%
Magic:  5/7        EV: 10    Int: 19    God:
Gold:   75         SH:  4    Dex: 14    Spells: 1/8 levels left

rFire   . . .        a - +0 dagger (speed)
rCold   . . .        h - +0 buckler
rNeg    . . .        e - +0 robe
rPois   .            (no helmet)
rElec   .            (no cloak)
rCorr   .            (no gloves)
SInv    +            (no boots)
Will    .....        (no amulet)
Stlth   ++           (no ring)
HPRegen 0.44/turn    (no ring)
MPRegen 0.10/turn

%: no passive effects
@: healing quickly
A: alive, fangs 3, see invisible, vampiric 2
a: Exsanguinate, Convert to Beogh


You were on level 3 of the Dungeon.
You visited 1 branch of the dungeon, and saw 3 of its levels.

You collected 75 gold pieces.

Inventory:

Hand Weapons
 a - a +0 dagger of speed (weapon)
 c - a +0 sling
 l - a +0 short sword
Armour
 e - a +0 robe (worn)
 h - a +0 buckler (worn)
Wands
 k - a wand of warping (7)
Scrolls
 g - a scroll of poison {unknown}
 i - a scroll of enchant armour {unknown}
 j - 5 scrolls of teleportation {unknown}
 m - 3 scrolls of identify {unknown}
 n - a scroll of noise {unknown}
Potions
 b - a potion of magic
 d - 4 potions of curing {unknown}
 f - a potion of lignification {unknown}
 o - a potion of mutation {unknown}
 p - a potion of heal wounds {unknown}
 q - a potion of degeneration {unknown}


   Skills:
 - Level 2.1 Dodging
 - Level 3.0 Stealth
 - Level 3.0 Spellcasting
 + Level 0.7 Conjurations
 + Level 3.9 Earth Magic


You had one spell level left.
You knew the following spells:

 Your Spells              Type           Power      Damage    Failure   Level
a - Sandblast             Erth           34%        2d9       4%          1
b - Passwall              Erth           17%        N/A       16%         3
c - Stone Arrow           Conj/Erth      22%        3d8       28%         3

Your spell library contained the following spells:

 Spells                   Type           Power      Damage    Failure   Level
 Brom's Barrelling Bould  Conj/Erth      11%        2d3       67%         4
 Petrify                  Alch/Erth      10%        N/A       75%         4


Dungeon Overview and Level Annotations

Branches:
Dungeon (3/15)

Altars:


Innate Abilities, Weirdness & Mutations

Your natural rate of healing is accelerated.
You have razor-sharp teeth.
You have supernaturally acute eyesight. (SInv)
You are afflicted with vampirism and can become a bat while bloodless.


Message History

You kill the orc!
Aiming: Sandblast (safe; 4% risk of failure)
Press: ? - help, Q - select action, (/) - cycle Shift-Dir - straight line, f/p - orc
Aim: an orc, wielding a +0 mace and wearing a +0 leather armour (heavily wounded, 82% to hit)
The blast of sand hits the orc.
The orc is almost dead.
You block the orc's attack.
Aiming: Sandblast (safe; 4% risk of failure)
Press: ? - help, Q - select action, (/) - cycle Shift-Dir - straight line, f/p - orc
Aim: an orc, wielding a +0 mace and wearing a +0 leather armour (almost dead, 82% to hit)
The blast of sand hits the orc!
You kill the orc!
You now have 75 gold pieces (gained 16).
Items here: ))) [[ ††.
You start resting.
HP restored.
Magic restored.
Items here: ))) [[ ††.
There is a stone staircase leading down here.
Aiming: Sandblast (safe; 4% risk of failure)
Press: ? - help, Q - select action, (/) - cycle Shift-Dir - straight line, f - orc priest
Aim: an orc priest, wielding a +0 whip (wandering, hasn't noticed you, 82% to hit)
The blast of sand misses the orc priest.
The orc priest calls down the wrath of Beogh upon you.
Beogh smites you!
Ouch! That really hurt!
The orc priest threatens, "Beogh's wrath is as vast as their mercy.
Make your choice!" (press Y on the ability menu to convert to Beogh)
Aiming: Sandblast (safe; 4% risk of failure)
Press: ? - help, Q - select action, (/) - cycle Shift-Dir - straight line, f/p - orc priest
Aim: an orc priest, wielding a +0 whip (82% to hit)
The blast of sand hits the orc priest!
The orc priest is almost dead.
The orc priest mumbles some strange prayers to Beogh against you.
Beogh smites you!
* * * LOW HITPOINT WARNING * * *
The orc priest calls down the wrath of Beogh upon you.
Beogh smites you!
Ouch! That really hurt!
You die...

#######....)..
#.
...).....#####
#. #######..#
#. #........#
#. #.######.#
#o #.# #.# #.
#.# #>#
#.####.######.#
#.@...........#
####.##########
#.# #.# #.# #.#
#.# ... ...


You could see an orc priest.

Vanquished Creatures
  An adder (D:3)
  A ribbon worm (D:2)
  A dart slug (D:3)
  4 orcs (D:3)
  3 ball pythons
  4 endoplasms
  2 giant cockroaches
  2 goblins
  A hobgoblin (D:1)
  A quokka (D:2)
  5 bats
  2 frilled lizards
  4 kobolds
  4 rats
35 creatures vanquished.

Notes
Turn   | Place    | Note
-------+----------+-------------------------------------------
     0 | D:1      | petete the Vampire Earth Elementalist began the quest for
                  | the Orb.
     0 | D:1      | Reached XP level 1. HP: 13/13 MP: 3/3
   370 | D:1      | Reached XP level 2. HP: 19/19 MP: 3/5
  1156 | D:2      | Gained mutation: You are afflicted with vampirism and can
                  | become a bat while bloodless. [Vampire growth]
  1156 | D:2      | Reached XP level 3. HP: 24/24 MP: 7/7
  1160 | D:2      | Learned a level 3 spell: Passwall
  1164 | D:2      | Learned a level 3 spell: Stone Arrow
  1838 | D:3      | Killed from afar by an orc priest

Illustrated notes

Levels and vault maps discovered:
D:1:      matt_arrival_los_fun, layout_basic, hangedman_decor_clover_reticule,
          hex_medium, nicolae_kite_square_tiling_tiny, fountainhead,
          serial_park_tiny_1
D:2:      layout_rooms
D:3:      layout_loops_ring, amethyst_overflow_temple_binary, elyvilon_altar_1

Skill      XL: |  1  2  3 |
---------------+----------+-----
Spellcasting   | 3 |  3.0
Dodging        | |  2.1
Stealth        | |  3.0
Conjurations   | |  0.7
Earth Magic    | |  3.9

Action                     || total
---------------------------++-------
  Melee: Dagger            ||    10
         Bite              ||     1
   Fire: Sling             ||    34
   Cast: Sandblast         ||    46
 Armour: Robe              ||    18
  Dodge: Dodged            ||    12
  Block: Buckler           ||     6

Table legend: (Time is in decaauts)
 A = Elapsed time spent in this place.
 B = Non-inter-level travel time spent in this place.
 C = Inter-level travel time spent in this place.
 D = Time resting spent in this place.
 E = Time spent auto-exploring this place.
 F = Levels seen in this place.
 G = Mean time per level.
                   A        B        C        D        E       F      G
               +--------+--------+--------+--------+--------+-----+--------+
         Total |   1874 |   1821 |     53 |     35 |   1533 |   3 |  624.7 |
       Dungeon |   1874 |   1821 |     53 |     35 |   1533 |   3 |  624.7 |
               +--------+--------+--------+--------+--------+-----+--------+

Top non-repeatable levels by time:
     D:1: 862 daAuts
     D:2: 559 daAuts
     D:3: 453 daAuts
